 Dungeon Crawl Stone Soup version 0.26-b1-32-g5d43845318 (webtiles) character file.

Game seed: 2461881591329806738

12594 inmateoo the Martial Artist (level 11, 0/86 HPs)
             Began as a Barachi Necromancer on Jan 12, 2021.
             Was a High Priest of Cheibriados.
             Slain by a freezing wraith (6 damage)
             ... on level 11 of the Dungeon.
             The game lasted 00:19:29 (12582 turns).

inmateoo the Martial Artist (Barachi Necromancer)  Turns: 12582, Time: 00:19:30

Health: 0/86       AC: 17    Str: 24    XL:     11   Next: 95%
Magic:  11/20      EV: 19    Int: 41    God:    Cheibriados [*****.]
Gold:   558        SH:  5    Dex: 26    Spells: 13/22 levels left

rFire    . . .     SeeInvis +   v - +6 short sword
rCold    . . .     Faith    .   (no shield)
rNeg     . . .     Spirit   .   t - +1 robe {Archmagi}
rPois    .         Reflect  +   g - +1 helmet
rElec    .         Harm     .   d - +1 cloak
rCorr    .         Rampage  .   x - +2 pair of gloves
Will     .....                  b - +1 pair of boots of the Tormentor {*Contam Int+8 SInv}
Stlth    +++.......             E - amulet of reflection
HPRegen  0.24/turn              u - +4 ring of protection
MPRegen  0.17/turn              c - ring of wizardry

@: very slow
A: +LOS, swims, slowness 1, strong legs 1
a: Hop, Renounce Religion, Bend Time, Temporal Distortion, Slouch, Step From
Time


You were on level 11 of the Dungeon.
You worshipped Cheibriados.
Cheibriados was extremely pleased with you.
You visited 2 branches of the dungeon, and saw 13 of its levels.
You also visited: Sewer.

You collected 558 gold pieces.

Inventory:

Hand Weapons
 o - a +1 whip of electrocution
 v - a +6 short sword (weapon)
Missiles
 w - 2 throwing nets
Armour
 b - the +1 pair of boots of the Tormentor (worn) {*Contam Int+8 SInv}
   (You found it on level 4 of the Dungeon)

   It affects your intelligence (+8).
   It lets you see invisible.
   It causes magical contamination when unequipped.
 d - a +1 cloak (worn)
 g - a +1 helmet (worn)
 s - a scarf of repulsion
 t - a +1 robe of the Archmagi (worn)
 x - a +2 pair of gloves (worn)
Jewellery
 c - a ring of wizardry (right hand)
 u - a +4 ring of protection (left hand)
 y - an uncursed ring of resist corrosion
 E - an amulet of reflection (around neck)
 F - an uncursed amulet of guardian spirit {unknown}
Wands
 e - a wand of paralysis (5)
 n - a wand of digging (13)
 D - a wand of disintegration (5)
Scrolls
 a - 2 scrolls of blinking
 h - 6 scrolls of remove curse
 k - 8 scrolls of teleportation
 p - a scroll of fog
 r - a scroll of amnesia
 A - a scroll of fear
 C - a scroll of enchant armour
 H - a scroll of identify
 I - a scroll of magic mapping
 J - a scroll of enchant weapon
Potions
 f - 2 potions of lignification {unknown}
 i - 3 potions of heal wounds
 j - 4 potions of attraction
 l - 3 potions of flight
 m - 3 potions of brilliance
 q - a potion of ambrosia
 z - 3 potions of curing
 B - a potion of resistance {unknown}
 K - a potion of might
Miscellaneous
 G - a box of beasts (inert)


   Skills:
 - Level 8.0 Fighting
 - Level 5.0 Armour
 + Level 7.4 Dodging
 - Level 2.0 Stealth
 * Level 9.1 Unarmed Combat
 - Level 6.0 Spellcasting
 - Level 7.0 Necromancy
 + Level 8.3 Invocations
 + Level 5.1 Evocations


You had 13 spell levels left.
You knew the following spells:

 Your Spells              Type           Power        Failure   Level
a - Pain                  Necr           100%         1%          1
b - Vampiric Draining     Necr           40%          1%          3
c - Animate Dead          Necr           40%          1%          4
d - Apportation           Tloc           36%          1%          1

Your spell library contained the following spells:

 Spells                   Type           Power        Failure   Level
 Animate Skeleton         Necr           100%         1%          1
 Corona                   Hex            20%          1%          1
 Summon Small Mammal      Summ           72%          1%          1
 Agony                    Necr           81%          1%          5


Dungeon Overview and Level Annotations

Branches:
Dungeon (12/15)            Temple (1/1) D:4            Lair (0/6) D:11
  Sewer (visited)
    Orc: D:9-12

Altars:
Ashenzari
Cheibriados
Dithmenos
Elyvilon
Fedhas
Gozag
Kikubaaqudgha
Makhleb
Nemelex Xobeh
Okawaru
Qazlal
Ru
Sif Muna
Trog
Vehumet
Wu Jian
Xom
Zin

Shops:
D:4 =   D:11 *

Annotations:
D:11 exclusion: 2 oklob plants


Innate Abilities, Weirdness & Mutations

You can be seen from farther away. (+LOS)
You can swim through water.
You cover ground slowly.
You can hop short distances.


Message History

The freezing wraith completely misses you.
You block the freezing wraith's attack.
Unknown command.
You hit the freezing wraith but do no damage.
The freezing wraith is moderately damaged.
Your centaur warrior zombie closely misses the freezing wraith.
The freezing wraith closely misses you. The freezing wraith misses you.
Your scorpion zombie hits the freezing wraith but does no damage.
Your centaur warrior zombie hits the freezing wraith but does no damage.
Unknown command.
You hit the freezing wraith.
The freezing wraith is moderately damaged.
You feel yourself speed up.
Your centaur warrior zombie hits the freezing wraith but does no damage.
The freezing wraith hits you!
* * * LOW HITPOINT WARNING * * *
The freezing wraith freezes you!
* * * LOW HITPOINT WARNING * * *
The freezing wraith hits you.
You die...

.......<....####.########.#
.###.......## #.# #.#
.####=....## #.# ##.##
.........## #.#
#####..<#####
################.#
#.........).#
#........##.###.###...###.#
#.........Z.....# ##.## #.#
#........##W##### #.# ##.##
####.........Z@# #.###...#
#...........#### #.##....#
#.##.....[..# #.##....#
#.##........#
######.##.####
###.#####.##..# #......##.#
....#
#.##..######.#######.#
#####
#.##...<...........#.#
#)##.##...#...####.#.#
#)##....#............#


You could see a freezing wraith, a friendly scorpion zombie and a friendly
centaur warrior zombie.

Vanquished Creatures
  A hydra (D:11)
  4 two-headed ogres (D:11)
  A centaur warrior (D:11)
  Sonja (D:10)
  A gargoyle (D:11)
  3 trolls
  A hornet (D:8)
  A wraith (D:11)
  A wyvern (D:10)
  4 yaks (D:11)
  Grum (D:9)
  Eustachio (D:6)
  2 orc warriors (D:8)
  Purgy (Sewer)
  2 ice beasts
  5 sky beasts
  A black bear (D:9)
  5 ogres
  6 centaurs
  4 wolves (D:9)
  A big kobold (D:7)
  6 bullfrogs
  An earth elemental (D:11)
  A gnoll sergeant (D:11)
  3 scorpions
  12 killer bees
  2 howler monkeys
  17 wights
  A centaur zombie (D:7)
  7 orc priests
  8 hounds
  3 jellies
  A gnoll shaman (D:6)
  6 orc wizards
  5 iguanas
  Ijyb (D:3)
  9 worker ants
  A hound skeleton (D:4)
  8 gnolls
  A howler monkey skeleton (D:6)
  14 adders
  3 shadow imps
  4 white imps
  An ufetubus (D:9)
  An ooze (D:1)
  An adder skeleton (D:4)
  2 adder zombies
  2 worms
  3 dart slugs
  7 leopard geckos
  16 orcs
  14 bats
  6 giant cockroaches
  9 hobgoblins
  7 jackals
  9 kobolds
  4 quokkas
  A ball python (D:2)
  8 frilled lizards
  8 goblins
  2 jackal skeletons
  A leopard gecko skeleton (D:5)
  A quokka zombie (D:8)
  8 rats
272 creatures vanquished.

Vanquished Creatures (collateral kills)
  A water moccasin (D:10)
1 creature vanquished.

Vanquished Creatures (others)
  12 plants (D:11)
12 creatures vanquished.

Grand Total: 285 creatures vanquished

Notes
Turn   | Place    | Note
-------+----------+-------------------------------------------
     0 | D:1      | inmateoo the Barachi Necromancer began the quest for the
                  | Orb.
     0 | D:1      | Reached XP level 1. HP: 13/13 MP: 3/3
   131 | D:1      | Reached XP level 2. HP: 11/19 MP: 1/5
   950 | D:1      | Reached XP level 3. HP: 13/24 MP: 5/7
  1651 | D:2      | Learned a level 3 spell: Vampiric Draining
  1777 | D:2      | HP: 1/24 [shadow imp/nerve-wracking pain (11)]
  1785 | D:2      | Reached XP level 4. HP: 22/30 MP: 2/8
  2769 | D:2      | Reached XP level 5. HP: 31/35 MP: 5/10
  3038 | D:3      | Noticed Ijyb
  3056 | D:3      | Killed Ijyb
  3155 | D:3      | Found an opulent altar of Gozag.
  3231 | D:3      | Found a radiant altar of Vehumet.
  3688 | D:4      | Found an iron altar of Okawaru.
  3773 | D:4      | Reached skill level 5 in Necromancy
  3773 | D:4      | Reached XP level 6. HP: 36/41 MP: 7/12
  3836 | D:4      | Found a staircase to the Ecumenical Temple.
  3914 | D:4      | Found Yjot's Jewellery Shoppe.
  3917 | D:4      | Got a pair of fading boots
  3930 | D:4      | Identified the +1 pair of boots of the Tormentor {*Contam
                  | Int+8 SInv} (You found it on level 4 of the Dungeon)
  3982 | D:4      | Reached XP level 7. HP: 29/46 MP: 2/13
  3995 | D:4      | Found a burning altar of Makhleb.
  4135 | D:4      | Found a glowing drain.
  4175 | Sewer    | Entered a sewer
  4300 | Sewer    | Noticed Purgy
  4332 | Sewer    | Killed Purgy
  4712 | Temple   | Entered the Ecumenical Temple
  4721 | Temple   | Became a worshipper of Cheibriados the Contemplative
  4758 | D:5      | Entered Level 5 of the Dungeon
  5046 | D:5      | Reached XP level 8. HP: 53/60 MP: 9/14
  5220 | D:5      | Found an iron altar of Okawaru.
  5500 | D:5      | Reached skill level 1 in Invocations
  5728 | D:6      | Reached * piety under Cheibriados
  5734 | D:6      | Reached skill level 5 in Fighting
  6175 | D:6      | Found a blossoming altar of Fedhas.
  6254 | D:6      | Found a stormy altar of Qazlal.
  6255 | D:6      | Found an ancient bone altar of Kikubaaqudgha.
  6294 | D:6      | Reached skill level 5 in Invocations
  6294 | D:6      | Reached XP level 9. HP: 58/69 MP: 10/15
  6349 | D:6      | Noticed Eustachio
  6364 | D:6      | Killed Eustachio
  6368 | D:6      | Found a shimmering altar of Xom.
  6374 | D:6      | Found a shimmering blue altar of Sif Muna.
  6374 | D:6      | Found an ornate altar of the Wu Jian Council.
  6375 | D:6      | Found a bloodstained altar of Trog.
  6375 | D:6      | Found a sparkling altar of Nemelex Xobeh.
  6375 | D:6      | Found an ornate altar of the Wu Jian Council.
  6489 | D:6      | Noticed an angel
  6490 | D:6      | Found a glowing silver altar of Zin.
  6541 | D:7      | Reached ** piety under Cheibriados
  6622 | D:7      | Learned a level 4 spell: Animate Dead
  7240 | D:7      | Reached skill level 1 in Unarmed Combat
  7405 | D:7      | Reached *** piety under Cheibriados
  7441 | D:7      | Found a broken altar of Ashenzari.
  7710 | D:8      | Reached skill level 1 in Armour
  7713 | D:8      | Reached skill level 2 in Unarmed Combat
  8249 | D:8      | Found a sacrificial altar of Ru.
  8284 | D:8      | Reached skill level 3 in Unarmed Combat
  8572 | D:9      | Noticed a hornet
  8627 | D:8      | Killed a hornet
  8628 | D:8      | Reached XP level 10. HP: 64/77 MP: 3/17
  8631 | D:8      | Reached skill level 4 in Unarmed Combat
  8737 | D:8      | Reached skill level 5 in Dodging
  8896 | D:8      | Reached skill level 5 in Spellcasting
  8899 | D:8      | Reached **** piety under Cheibriados
  9678 | D:9      | Reached skill level 5 in Unarmed Combat
  9691 | D:9      | Noticed Grum
  9711 | D:9      | Reached skill level 1 in Evocations
  9714 | D:9      | Killed Grum
  9942 | D:10     | Entered Level 10 of the Dungeon
 10079 | D:10     | Noticed Sonja
 10093 | D:10     | Killed Sonja
 10259 | D:10     | Reached skill level 6 in Unarmed Combat
 10612 | D:11     | Noticed a two-headed ogre
 10627 | D:11     | Killed a two-headed ogre
 10628 | D:11     | Reached XP level 11. HP: 63/86 MP: 11/19
 10700 | D:11     | Reached ***** piety under Cheibriados
 10872 | D:11     | Noticed a two-headed ogre
 10899 | D:11     | Killed a two-headed ogre
 10900 | D:11     | Reached skill level 5 in Armour
 10914 | D:11     | Learned a level 1 spell: Apportation
 10977 | D:11     | Reached skill level 7 in Unarmed Combat
 11232 | D:11     | Noticed a two-headed ogre
 11239 | D:11     | Killed a two-headed ogre
 11335 | D:11     | Noticed a two-headed ogre
 11360 | D:11     | Found Ivvos's Pet Rocks.
 11365 | D:11     | Noticed a five-headed hydra
 11375 | D:11     | Killed a five-headed hydra
 11376 | D:11     | Reached skill level 8 in Unarmed Combat
 11437 | D:11     | Noticed an oklob plant
 11516 | D:11     | Found a staircase to the Lair.
 12020 | D:11     | Noticed an oklob plant
 12111 | D:11     | Killed a two-headed ogre
 12407 | D:12     | Noticed a centaur warrior
 12511 | D:11     | Killed a centaur warrior
 12512 | D:11     | Reached skill level 9 in Unarmed Combat
 12512 | D:11     | Reached skill level 5 in Evocations
 12582 | D:11     | Slain by a freezing wraith

Illustrated notes

Levels and vault maps discovered:
D:1:      dpeg_arrival_central, layout_basic
D:2:      minmay_razor_zed, layout_basic, tso_altar, uniq_jessica
D:3:      layout_basic, marbit_many_paths, grunt_gozag_breadcrumbs, uniq_ijyb
D:4:      layout_basic, kennysheep_little_box, minmay_temple_entry_fiery,
          serial_shops, shop, portal_sewer_entry_f, makhleb_heckhound_becter
D:5:      layout_basic, okawaru_ov_weapons_minmay
D:6:      layout_rooms, zin_angel, lemuel_coloured_pillars_altar,
          gammafunk_temple_overflow_statue, doesnt_xom_only_xom, uniq_eustachio
D:7:      layout_gridville, lemuel_round_altar
D:8:      layout_gridville, nicolae_overflow_crystal_walls
D:9:      layout_loops_cross, uniq_grum
D:10:     layout_rooms, uniq_sonja
D:11:     nicolae_whirlpool, layout_loops_ring, dpeg_oklobed_lair,
          guppyfry_shop_earth
D:12:     layout_rooms, orc_0_dummy, minmay_misc_feat_cross,
          hangedman_decor_push, uniq_nessos
Temple:   dshaligram_water_room_temple

Skill      XL: |  1  2  3  4  5  6  7  8  9 10 11 |
---------------+----------------------------------+-----
Stealth        | 2 |  2.0
Necromancy     | 4 5 6 7 |  7.0
Spellcasting   | 3 4 5 6 |  6.0
Dodging        | 3 4 6 7 |  7.4
Fighting       | 3 6 7 8 |  8.0
Invocations    | 5 7 8 |  8.3
Unarmed Combat | 3 6 9 |  9.1
Armour         | 2 4 5 |  5.0
Evocations     | 2 5 |  5.1

Action                   |  1- 3 |  4- 6 |  7- 9 | 10-12 || total
-------------------------+-------+-------+-------+-------++-------
Melee: Dagger            |   102 |    87 |    36 |       ||   225
       Short sword       |       |       |   329 |   313 ||   642
       Punch             |       |       |       |    17 ||    17
 Cast: Pain              |    47 |    78 |   107 |   124 ||   356
       Vampiric Draining |     2 |     7 |    28 |    55 ||    92
       Animate Dead      |       |       |       |     2 ||     2
       Apportation       |       |       |       |     1 ||     1
 Abil: Hop               |       |     1 |     2 |     2 ||     5
Evoke: Wand              |       |       |     4 |     2 ||     6
       Box of beasts     |       |       |       |     1 ||     1
  Use: Scroll            |     5 |     6 |     6 |     6 ||    23
       Potion            |     1 |     5 |       |     2 ||     8
 Stab: Sleeping          |       |     3 |     4 |     7 ||    14
       Paralysed         |       |       |     6 |     6 ||    12
       Invisible         |       |       |       |     1 ||     1
Armor: Robe              |    36 |    44 |   123 |   171 ||   374
       Leather armour    |       |       |    87 |       ||    87
Dodge: Dodged            |    73 |    96 |   397 |   496 ||  1062
Block: Other             |       |       |       |    65 ||    65
       Reflection        |       |       |       |    10 ||    10
